 Dungeon Crawl Stone Soup version 0.20-a0-1127-g1289703 (webtiles) character file.

3539 Manul the Carver (level 9, -3/79 HPs)
             Began as a Green Draconian Monk on May 18, 2017.
             Shot with a sling bullet by Joseph (6 damage)
             ... on level 8 of the Dungeon.
             The game lasted 00:10:48 (7275 turns).

Manul the Carver (Green Draconian Monk)             Turns: 7275, Time: 00:10:49

Health: -3/79      AC:  9    Str: 15    XL:     9   Next: 82%
Magic:  0/9        EV: 17    Int: 11    God:
Gold:   306        SH:  0    Dex: 17    Spells: 8/8 levels left

rFire    . . .     SeeInvis +   f - +1 long sword
rCold    + . .     Gourm    .   (no shield)
rNeg     . . .     Faith    .   (armour unavailable)
rPois    +         Spirit   +   (helmet restricted)
rElec    .         Reflect  .   (no cloak)
rCorr    .         Harm     .   g - +1 pair of gloves
MR       +....                  (no boots)
Stlth    +++.......             m - amulet of guardian spirit
Regen    0.3/turn               w - ring of see invisible
MPRegen  0.2/turn               r - ring of protection from cold

@: no status effects
A: breathe noxious fumes, unfitting armour, talons 1, magic resistance 1, poison
resistance, strong 1, cold-blooded, MP-powered wands, AC +7
a: Breathe Noxious Fumes


You were on level 8 of the Dungeon.
You were not hungry.

You visited 2 branches of the dungeon, and saw 9 of its levels.

You collected 504 gold pieces.
You spent 198 gold pieces at shops.

Inventory:

Hand Weapons
 a - a +0 falchion
 e - a +0 dagger of speed
 f - a +1 long sword (weapon)
 o - a +0 hunting sling of flaming
 x - a +2 whip of flaming
 A - the +3 halberd "Raisin" {antimagic, rPois}
   (You bought it in a shop on level 6 of the Dungeon)

   It reduces the magical energy of the wielder, and disrupts the spells and
   magical abilities of those hit.
   Natural abilities and divine invocations are not affected.
   It protects you from poison.
Missiles
 p - 404 stones (quivered)
Armour
 g - a +1 pair of gloves (worn)
Jewellery
 m - an amulet of guardian spirit (around neck)
 r - a ring of protection from cold (right hand)
 t - an uncursed ring of flight
 w - a ring of see invisible (left hand)
Wands
 h - a wand of digging (15/24)
Scrolls
 d - 6 scrolls of remove curse
 j - 2 scrolls of amnesia
 n - a scroll of magic mapping {unknown}
 u - a scroll of immolation {unknown}
 y - 4 scrolls of identify
Potions
 c - a potion of flight
 i - 2 potions of invisibility {unknown}
 k - a potion of brilliance {unknown}
 s - a potion of lignification {unknown}
 z - a potion of heal wounds {unknown}
 B - a potion of agility {unknown}
Comestibles
 b - 7 bread rations
 l - 4 meat rations
 v - 4 royal jellies


   Skills:
 + Level 7.3 Fighting
 + Level 10.3 Long Blades
 + Level 1.2 Slings
 + Level 6.7 Dodging
 - Level 4.3 Stealth


You had 8 spell levels left.
You didn't know any spells.

Dungeon Overview and Level Annotations

Branches:
Dungeon (8/15)             Temple (1/1) D:6
   Lair: D:8-11

Altars:
Ashenzari
Cheibriados
Dithmenos
Elyvilon
Fedhas
Gozag
Hepliaklqana
Kikubaaqudgha
Makhleb
Nemelex Xobeh
Okawaru
Qazlal
Ru
Sif Muna
Trog
Uskayaw
Vehumet
Wu Jian
Yredelemnul
Zin
The Shining One

Shops:
D:6 *(

Annotations:
D:3 Crazy Yiuf
D:8 Joseph


Innate Abilities, Weirdness & Mutations

You can breathe blasts of noxious fumes.
Your lurid green scales are hard. (AC +7)
You cannot fit into any form of body armour.
Your system is resistant to poisons. (rPois)
You are cold-blooded and may be slowed by cold attacks.
You have sharp toenails.
You are resistant to hostile enchantments. (MR+)
Your muscles are strong. (Str +2)
You expend magic power (3 MP) to strengthen your wands.


Message History

You hit Joseph. You claw Joseph, but do no damage.
Joseph is heavily wounded.
Joseph hits you with an uncursed quarterstaff!
You barely miss Joseph. You claw Joseph, but do no damage.
You tail-slap Joseph, but do no damage.
Joseph is moderately wounded.
Joseph hits you but does no damage.
You barely miss Joseph. Your kick misses Joseph.
Your tail-slap misses Joseph.
Joseph is moderately wounded.
Joseph hits you with an uncursed quarterstaff!
Okay, then.
Joseph unwields an uncursed quarterstaff.
Joseph wields an uncursed hunting sling of velocity.
Joseph shoots a sling bullet.
The sling bullet hits you!!
* * * LOW HITPOINT WARNING * * *
x2
There is a stone staircase leading up, spattered with blood here.
You see here a sling bullet.
Joseph shoots a sling bullet.
The sling bullet hits you!
* * * LOW HITPOINT WARNING * * *
You die...

..# . #.# .. #####.#
... ..##.# ....
#.##.# .....
#######.##.####......
...........@y(.......
#######H#..#####.###.
.........@.#
.........#.#
.........+.#
.........###
.........# .........#
.........# ##########


You could see Joseph, a hippogriff and a killer bee.

Vanquished Creatures
  Grinder (D:3)
  A hornet (D:7)
  The ghost of loom the Conjurer, an amateur DECj (D:5)
  A human (D:7)
  4 hogs (D:7)
  Duvessa (D:4)
  An ice beast (D:7)
  5 ogres
  2 phantoms
  An orc warrior (D:7)
  A necrophage (D:6)
  A centaur (D:7)
  A big kobold (D:7)
  Dowan (D:4)
  5 killer bees
  3 howler monkeys
  A bullfrog zombie (D:6)
  A crimson imp (D:5)
  A centaur zombie (D:6)
  2 orc wizards
  4 orc priests
  3 bullfrog skeletons
  9 worker ants
  A hound zombie (D:3)
  A worker ant zombie (D:6)
  4 gnolls (D:6)
  7 adders
  3 oozes
  2 adder skeletons
  8 worms
  3 dart slugs
  A leopard gecko (D:5)
  28 orcs
  3 ball pythons
  3 giant cockroaches
  8 goblins
  6 hobgoblins
  7 jackals
  15 kobolds
  4 quokkas
  10 bats
  4 frilled lizards
  A jackal skeleton (D:6)
  A leopard gecko skeleton (D:6)
  17 rats
188 creatures vanquished.

Vanquished Creatures (others)
  A kobold (D:3)
1 creature vanquished.

Grand Total: 189 creatures vanquished

Notes
Turn   | Place    | Note
-------+----------+-------------------------------------------
     0 | D:1      | Manul the Draconian Monk began the quest for the Orb.
     0 | D:1      | Reached XP level 1. HP: 19/19 MP: 1/1
   110 | D:1      | Reached XP level 2. HP: 15/26 MP: 2/2
   788 | D:1      | Reached XP level 3. HP: 33/33 MP: 3/3
  1408 | D:2      | Reached XP level 4. HP: 36/40 MP: 4/4
  2018 | D:3      | Reached skill level 4 in Long Blades
  2247 | D:3      | Reached XP level 5. HP: 39/46 MP: 3/5
  2467 | D:3      | Noticed an ogre
  2645 | D:3      | Killed an ogre
  2645 | D:3      | Reached XP level 6. HP: 21/53 MP: 1/6
  2928 | D:3      | Noticed Grinder
  2934 | D:3      | Gained mutation: You are dopey. (Int -2) [potion of mutation]
  2934 | D:3      | Gained mutation: You have sharp fingernails. [potion of mutation]
  2934 | D:3      | Paralysed by Grinder for 7 turns
  2941 | D:3      | Lost mutation: You are dopey. (Int -2) [potion of mutation]
  2941 | D:3      | Lost mutation: You have sharp fingernails. [potion of mutation]
  2941 | D:3      | Gained mutation: You are resistant to hostile enchantments. (MR+) [potion of mutation]
  2941 | D:3      | Gained mutation: Your muscles are strong. (Str +2) [potion of mutation]
  2941 | D:3      | Gained mutation: You expend magic power (3 MP) to strengthen your wands. [potion of mutation]
  2941 | D:3      | Gained mutation: You have sharp toenails. [potion of mutation]
  2964 | D:3      | Killed Grinder
  2964 | D:3      | Reached skill level 5 in Long Blades
  2964 | D:3      | Reached skill level 1 in Slings
  3108 | D:3      | Your scales start taking on a lurid green colour.
  3108 | D:3      | Reached XP level 7. HP: 53/60 MP: 7/7
  3108 | D:3      | Gained mutation: Your system is resistant to poisons. (rPois) [Green Draconian growth]
  3125 | D:3      | Found a basalt altar of Yredelemnul.
  3125 | D:3      | Found an ornate altar of the Wu Jian Council.
  3126 | D:3      | Found a shadowy altar of Dithmenos.
  3201 | D:3      | Found a runed door.
  3205 | D:3      | Noticed Crazy Yiuf
  3329 | D:4      | Reached skill level 5 in Fighting
  3359 | D:4      | Reached skill level 6 in Long Blades
  3704 | D:4      | Noticed Dowan
  3719 | D:4      | Noticed Duvessa
  3720 | D:4      | Killed Dowan
  3762 | D:4      | Killed Duvessa
  3762 | D:4      | Reached XP level 8. HP: 48/68 MP: 5/8
  3807 | D:4      | Found a glowing golden altar of the Shining One.
  3808 | D:4      | Found a bloodstained altar of Trog.
  3980 | D:5      | Entered Level 5 of the Dungeon
  3982 | D:5      | Noticed loom's ghost (amateur DECj)
  3998 | D:5      | Killed loom's ghost
  3998 | D:5      | Reached skill level 7 in Long Blades
  4660 | D:6      | Found Kaargh's Antique Weapon Boutique.
  4693 | D:6      | Bought a jewelled halberd for 198 gold pieces
  4693 | D:6      | Identified the +3 halberd "Raisin" {antimagic, rPois} (You bought it in a shop on level 6 of the Dungeon)
  4768 | D:6      | Reached skill level 5 in Dodging
  5075 | D:6      | Found a glowing silver altar of Zin.
  5222 | D:6      | Reached skill level 8 in Long Blades
  5439 | D:6      | Found a snail-covered altar of Cheibriados.
  5469 | D:6      | Found Gozag's Platinum Reserve.
  5496 | D:6      | Found a staircase to the Ecumenical Temple.
  5510 | D:6      | Found an opulent altar of Gozag.
  5567 | Temple   | Entered the Ecumenical Temple
  5828 | D:7      | Reached XP level 9. HP: 68/77 MP: 9/9
  5855 | D:7      | Paralysed by a hornet for 1 turns
  6085 | D:7      | Reached skill level 9 in Long Blades
  6537 | D:7      | Reached skill level 10 in Long Blades
  7229 | D:8      | Noticed Joseph
  7275 | D:8      | HP: 3/79 [Joseph/sling bullet (15)]
  7275 | D:8      | Shot with a sling bullet by Joseph

Vault maps used:
D:1:      shiori_shiawase, minmay_rat_gold_closets
D:2:      minivault_4, grunt_ministairs_4
D:3:      gammafunk_temple_overflow_claw, first_bread, minmay_misc_feat_roman,
          uniq_grinder, uniq_crazy_yiuf_cottage
D:4:      gammafunk_temple_overflow_pools, uniq_duvessa
D:6:      nicolae_gozag_zags_fifth_avenue, zin_scriptorium, temple_doors_e,
          serial_shops, shop, cheibrodos_worm_habitat
D:7:      grunt_livestock
D:8:      uniq_joseph
Temple:   zaba_magenta_temple

Skill      XL: |  1  2  3  4  5  6  7  8  9 |
---------------+----------------------------+-----
Dodging        | 3 4 5 6 |  6.7
Stealth        | 2 3 4 |  4.3
Fighting       | 4 5 6 7 |  7.3
Long Blades    | 4 5 6 8 10 | 10.3
Slings         | 1 |  1.2

Action                   |  1- 3 |  4- 6 |  7- 9 || total
-------------------------+-------+-------+-------++-------
Melee: Dagger            |    40 |       |       ||    40
       Falchion          |   110 |   152 |       ||   262
       Tailslap          |    24 |    28 |    89 ||   141
       Kick              |       |    18 |   166 ||   184
       Long sword        |       |     6 |   356 ||   362
       Whip              |       |       |    71 ||    71
       Halberd           |       |       |     4 ||     4
 Fire: Hunting sling     |       |     7 |       ||     7
 Abil: Breathe Noxious F |       |       |     9 ||     9
  Use: Scroll            |       |     5 |     2 ||     7
       Potion            |       |     6 |     1 ||     7
 Stab: Sleeping          |     9 |     3 |    10 ||    22
       Distracted        |       |     1 |       ||     1
       Confused          |       |       |    15 ||    15
  Eat: Chunk             |     2 |     6 |    15 ||    23
Armor: Skin              |    36 |    47 |   133 ||   216
Dodge: Dodged            |    89 |   134 |   341 ||   564
       Rpst.: Falchion   |    29 |    37 |       ||    66
       Long sword        |       |     2 |    79 ||    81
